 Dungeon Crawl Stone Soup version 0.24-a0-235-g3f03afc (webtiles) character file.

Game seed: 18185172409586545841

276 TheOvate the Cudgeler (level 6, 0/55 HPs)
             Began as a Gargoyle Fighter on Apr 7, 2019.
             Was a Follower of Zin.
             Killed from afar by an orc wizard (1 damage)
             ... with a puff of flame
             ... on level 3 of the Dungeon.
             The game lasted 00:08:33 (2323 turns).

TheOvate the Cudgeler (Gargoyle Fighter)            Turns: 2323, Time: 00:08:35

Health: 0/55       AC: 27    Str: 19 (20) XL:     6   Next: 25%
Magic:  6/6        EV:  2    Int:  9 (10) God:    Zin [*.....]
Gold:   99         SH:  8    Dex:  7 (9)  Spells: 5/5 levels left

rFire    . . .     SeeInvis .   a - +0 flail
rCold    . . .     Gourm    .   c - +0 shield
rNeg     + + +     Faith    .   (armour currently unavailable)
rPois    ∞         Spirit   .   (helmet currently unavailable)
rElec    .         Reflect  .   (cloak currently unavailable)
rCorr    .         Harm     .   (gloves currently unavailable)
MR       .....     NoTele   +   (boots currently unavailable)
Stlth    +.........             (no amulet)
HPRegen  0.18/turn              p - +4 ring of protection
MPRegen  0.10/turn              (no ring)

@: tree-form
A: negative energy resistance 1, petrification resistance, rot immunity, AC +4
a: Recite, Donate Gold, Renounce Religion


You were on level 3 of the Dungeon.
You worshipped Zin.
Zin was aware of your devotion.
You were not hungry.
You were a tree.
You visited 1 branch of the dungeon, and saw 3 of its levels.

You collected 110 gold pieces.
You donated 11 gold pieces to Zin.

Inventory:

Hand Weapons
 a - a +0 flail (weapon)
Armour
 b - a +0 scale mail (melded)
 c - a +0 shield (worn)
Jewellery
 p - a +4 ring of protection (left branch)
Wands
 o - a wand of polymorph (8)
 q - a wand of disintegration (5)
Scrolls
 e - 3 scrolls of amnesia {unknown}
 g - 2 scrolls of enchant weapon {unknown}
 i - a scroll of identify {unknown}
 k - 2 scrolls of remove curse {unknown}
 m - a scroll of magic mapping {unknown}
 n - 2 scrolls of teleportation {unknown}
 s - a scroll of blinking {unknown}
 t - a scroll of random uselessness {unknown}
Potions
 l - 2 potions of flight
Comestibles
 f - 10 rations
 h - 10 chunks of flesh


   Skills:
 - Level 3.3 Fighting
 + Level 6.0 Maces & Flails
 - Level 3.3 Armour
 - Level 0.2 Dodging
 + Level 1.6 Stealth
 - Level 3.3 Shields
 + Level 0.4 Invocations


You had 5 spell levels left.
You didn't know any spells.
Your spell library was empty.

Dungeon Overview and Level Annotations

Branches:
Dungeon (3/15)

Altars:
Ru
Zin


Innate Abilities, Weirdness & Mutations

You are resistant to torment.
((Your stone body is resilient. (AC +4)))
You are immune to poison.
You resist negative energy. (rN+)
((You are resistant to electric shocks. (rElec)))
((You can survive without breathing.))
You are immune to petrification.
You are immune to rotting.


Message History

* * * LOW HITPOINT WARNING * * *
You hit the orc wizard.
You kill the orc wizard!
Your Maces & Flails skill increases to level 6!
You hear some strange, mumbled words.
A puff of frost appears from out of thin air!
The puff of frost hits you.
* * * LOW HITPOINT WARNING * * *
It was a potion of flight.
Your roots keep you in place.
You hear some strange, mumbled words.
A puff of frost appears from out of thin air!
The puff of frost hits you but does no damage.
It was a potion of degeneration.
There was something very wrong with that liquid.
You feel weakened.
You feel dopey.
You feel clumsy. Something completely misses you.
You hear some strange, mumbled words.
A puff of flame appears from out of thin air!
The puff of flame hits you.
You die...

#....##....# #...#.#
#.#..##....# ...#.# #
#..........#
...#.#.##.
.......#...#
....#....
...........+
.........
#.........#####..>..#
......#.##.....o..#
.....<..##.####{#.
####.......# #♣#
#.#..#.#..# #.#
#.........# #.#
.##.#.#..# #.#
#.##......# #.#
#.....[.### #.#
######.#######.#
#.........#
###########


You could see an orc priest.

Vanquished Creatures
  2 orc priests (D:3)
  4 orc wizards
  4 adders
  A worm (D:3)
  2 dart slugs
  7 orcs (D:3)
  8 bats
  5 giant cockroaches
  6 goblins
  3 hobgoblins (D:1)
  7 jackals (D:3)
  3 quokkas (D:2)
  2 ball pythons
  3 frilled lizards
  8 kobolds
  A quokka skeleton (D:3)
  3 rats
69 creatures vanquished.

Vanquished Creatures (others)
  A bat (D:3)
1 creature vanquished.

Grand Total: 70 creatures vanquished

Notes
Turn   | Place    | Note
-------+----------+-------------------------------------------
     0 | D:1      | TheOvate the Gargoyle Fighter began the quest for the Orb.
     0 | D:1      | Reached XP level 1. HP: 14/14 MP: 1/1
    50 | D:1      | Reached XP level 2. HP: 18/19 MP: 2/2
   352 | D:1      | Reached skill level 3 in Maces & Flails
   818 | D:2      | Reached XP level 3. HP: 23/23 MP: 3/3
  1108 | D:2      | Found a sacrificial altar of Ru.
  1132 | D:2      | Reached skill level 4 in Maces & Flails
  1147 | D:2      | Reached XP level 4. HP: 26/28 MP: 4/4
  1236 | D:2      | Found a glowing silver altar of Zin.
  1241 | D:2      | Became a worshipper of Zin the Law-Giver
  1561 | D:3      | Reached * piety under Zin
  1710 | D:3      | Reached skill level 5 in Maces & Flails
  1710 | D:3      | Reached XP level 5. HP: 11/32 MP: 5/5
  1963 | D:3      | Reached skill level 1 in Stealth
  2194 | D:3      | Reached XP level 6. HP: 35/37 MP: 6/6
  2321 | D:3      | Reached skill level 6 in Maces & Flails
  2321 | D:3      | HP: 1/55 [something/puff of frost (6)]
  2323 | D:3      | Killed from afar by an orc wizard

Levels and vault maps discovered:
D:1:      shiori_arrival_oz, layout_basic
D:2:      layout_basic, nicolae_ru_great_annihilating_truth, marbit_many_paths
D:3:      layout_basic, tso_metal_star, serial_glass, glass_columns_a,
          glass_columns_a, glass_columns_b, glass_columns_a, glass_columns_c,
          glass_columns_c, glass_columns_a, glass_columns_c, lemuel_old_faithful

Skill      XL: |  1  2  3  4  5  6 |
---------------+-------------------+-----
Maces & Flails | 3 4 5 6 |  6.0
Stealth        | 1 |  1.6
Fighting       | |  3.3
Armour         | |  3.3
Dodging        | |  0.2
Shields        | |  3.3
Invocations    | |  0.4

Action                   |  1- 3 |  4- 6 || total
-------------------------+-------+-------++-------
Melee: Flail             |   102 |   206 ||   308
Invok: Recite            |       |     1 ||     1
  Use: Potion            |       |     5 ||     5
 Stab: Paralysed         |       |     3 ||     3
  Eat: Chunk             |     1 |     4 ||     5
Armor: Scale mail        |    50 |   148 ||   198
       Skin              |       |     5 ||     5
Dodge: Dodged            |    31 |    59 ||    90
Block: Shield            |    48 |    94 ||   142

Table legend:
 A = Non-vault XP
 B = Vault XP
 C = Vault XP percentage of total XP
 D = Non-vault monster count
 E = Vault monster count
 F = Vault count percentage of total count
                 A         B        C        D         E       F
            +---------+---------+-------+---------+---------+-------
      Total |     338 |      57 |  14.4 |      62 |       7 |  10.1
            +---------+---------+-------+---------+---------+-------
        D:1 |      28 |       3 |   9.7 |      19 |       2 |   9.5
        D:2 |      18 |      54 |  75.0 |      10 |       5 |  33.3
        D:3 |     292 |       0 |   0.0 |      33 |       0 |   0.0
            +---------+---------+-------+---------+---------+-------
